 Dungeon Crawl Stone Soup version 0.30.1-3-gfc49f6343a (webtiles) character file.

Game seed: 17419989045418180309

191 cheesebisquit the Magician (level 6, 0/40 HPs)
             Began as a Djinni Conjurer on July 27, 2023.
             Slain by a kobold
             ... wielding a +0 short sword
              (2 damage)
             ... on level 4 of the Dungeon.
             The game lasted 00:05:04 (2715 turns).

cheesebisquit the Magician (Djinni Conjurer)        Turns: 2715, Time: 00:05:04

Health: 0/40       AC:  2    Str:  2 (4)  XL:     6   Next: 2%
Gold:   154        EV: 12    Int: 23 (25) God:
                   SH:  0    Dex: 12 (14)

rFire   + + +        (no weapon)
rCold   x x .        (no shield)
rNeg    . . .        a - +0 robe
rPois   ∞            (no helmet)
rElec   .            (no cloak)
rCorr   .            (no gloves)
SInv    .            (boots unavailable)
Will    .....        (no amulet)
Stlth   ++           i - ring of protection from fire
HPRegen 0.26/turn    (no ring)
MPRegen 0.00/turn

%: infuse magic (-1 HP)
@: flying
A: sickness immunity, fire resistance 2, cold vulnerability 2, float, innate
caster, HP casting, extra vitality 1, agile 1, clever 1
a: no special abilities


You were on level 4 of the Dungeon.
You visited 1 branch of the dungeon, and saw 4 of its levels.

You collected 154 gold pieces.

Inventory:

Missiles
 l - 5 poisoned darts
 m - 3 silver boomerangs
Armour
 a - a +0 robe (worn)
 f - a +1 leather armour of positive energy
Jewellery
 i - a ring of protection from fire (left hand)
Scrolls
 b - 2 scrolls of acquirement {unknown}
 c - a scroll of amnesia {unknown}
 d - 2 scrolls of identify {unknown}
 g - a scroll of poison {unknown}
 j - a scroll of enchant armour {unknown}
 k - a scroll of brand weapon {unknown}
 n - a scroll of immolation {unknown}
Potions
 e - a potion of cancellation {unknown}
 h - a potion of berserk rage {unknown}
 o - a potion of lignification {unknown}
 p - a potion of mutation
 q - a potion of magic
 r - a potion of degeneration
 s - a potion of curing {unknown}


   Skills:
 - Level 2.1 Dodging
 - Level 1.5 Stealth
 * Level 5.3 Spellcasting


You knew the following spells:

 Your Spells              Type           Power      Damage    Failure   Level
a - Magic Dart            Conj           100%       1d8       1%          1
b - Searing Ray           Conj           60%        2d6       1%          2
c - Dazzling Flash        Conj/Hex       60%        N/A       3%          3
d - Fulminant Prism       Conj/Hex       15%        3d10      11%         4
e - Iskenderun's Mystic   Conj/Tloc      30%        2d8       11%         4
f - Slow                  Hex            100%       N/A       1%          1
g - Passwall              Tmut/Erth      25%        N/A       1%          2
Your spell library was empty.

Dungeon Overview and Level Annotations

Branches:
Dungeon (4/15)
 Temple: D:4-7

Altars:
Cheibriados
Hepliaklqana
Okawaru
Wu Jian
The Shining One

Shops:
D:1 (

Annotations:
D:3 1 runed translucent door, suzumiya's ghost, amateur TrGl


Innate Abilities, Weirdness & Mutations

You are immune to sickness and miasma.
You are immune to poison.
Your flesh is very heat resistant. (rF++)
You are very vulnerable to cold. (rC--)
You float through the air rather than walking.
You learn spells naturally, not from books.
Your magical power is your life essence.
You have superior vitality. (+4 MHP)
You are agile. (Dex +4, Str/Int -1)
Your mind is acute. (Int +4, Str/Dex -1)


Message History

The magic dart hits something.
* * * LOW HITPOINT WARNING * * *
You hear some strange, mumbled words.
You are confused.
Something hits you.
* * * LOW HITPOINT WARNING * * *
You're too confused to cast spells.
Okay, then.
You are too confused!
Okay, then.
Something hits you but does no damage.
You hear some strange, mumbled words.
A puff of flame appears from out of thin air!
The puff of flame hits you but does no damage.
You resist.
You feel less confused.
You hear some strange, mumbled words.
You are confused.
Something hits you.
* * * LOW HITPOINT WARNING * * *
Something hits you.
* * * LOW HITPOINT WARNING * * *
Something hits you.
* * * LOW HITPOINT WARNING * * *
Things that are here:
a +0 whip; 2 stones You feel less confused.
Something hits you but does no damage. Something barely misses you.
Something hits you.
* * * LOW HITPOINT WARNING * * *
A kobold comes into view. It is wielding a +0 short sword.
You hear some strange, mumbled words.
A puff of flame appears from out of thin air!
The puff of flame hits you. You resist.
* * * LOW HITPOINT WARNING * * *
You closely miss the kobold. The kobold hits you but does no damage.
You miss the kobold. Something completely misses you.
The kobold hits you with a +0 short sword.
You die...

.........................
.........................
................)........
.........................
........................
...>...................#
......................##
..(...................#
................@.....#
................K.....#
.......................#
...................##...
..................## #..
.................## ##
................##
...............#
########.......#


You could see a kobold.

Vanquished Creatures
  A scorpion (D:4)
  An orc wizard (D:4)
  4 adders
  A worm (D:3)
  3 dart slugs
  3 orcs
  A ball python (D:3)
  5 endoplasms
  2 giant cockroaches
  3 goblins
  6 hobgoblins
  3 jackals (D:1)
  A quokka (D:1)
  5 bats
  3 frilled lizards
  14 kobolds
  4 rats
60 creatures vanquished.

Notes
Turn   | Place    | Note
-------+----------+-------------------------------------------
     0 | D:1      | cheesebisquit the Djinni Conjurer began the quest for the
                  | Orb.
     0 | D:1      | cheesebisquit set off with the following spells memorised:
                  | Magic Dart, Searing Ray, Dazzling Flash, Fulminant Prism,
                  | Iskenderun's Mystic Blast.
     0 | D:1      | Reached XP level 1. HP: 15/15 MP: 0/0
   125 | D:1      | Reached XP level 2. HP: 18/21 MP: 0/0
   261 | D:1      | Found Imalirpho's Weapon Shoppe.
   454 | D:1      | Reached XP level 3. HP: 24/25 MP: 0/0
   454 | D:1      | Learned a level 1 spell: Slow
   662 | D:2      | Reached skill level 4 in Spellcasting
  1169 | D:2      | Reached XP level 4. HP: 28/31 MP: 0/0
  1370 | D:3      | Found an ornate altar of the Wu Jian Council.
  1389 | D:3      | Found a snail-covered altar of Cheibriados.
  1795 | D:3      | Found a runed translucent door.
  1795 | D:3      | Noticed suzumiya's ghost (amateur TrGl)
  1986 | D:3      | Found a hazy altar of Hepliaklqana.
  2085 | D:3      | Found a glowing golden altar of the Shining One.
  2105 | D:3      | Reached XP level 5. HP: 34/35 MP: 0/0
  2105 | D:3      | Learned a level 2 spell: Passwall
  2116 | D:3      | Found an iron altar of Okawaru.
  2496 | D:4      | Reached skill level 5 in Spellcasting
  2674 | D:4      | Reached XP level 6. HP: 34/40 MP: 0/0
  2692 | D:4      | Gained mutation: Your mind is acute. (Int +4, Str/Dex -1)
                  | [potion of mutation]
  2692 | D:4      | Gained mutation: You are very vulnerable to cold. (rC--)
                  | [potion of mutation]
  2692 | D:4      | Gained mutation: You are agile. (Dex +4, Str/Int -1)
                  | [potion of mutation]
  2710 | D:4      | HP: 2/40 [something (2)]
  2715 | D:4      | Slain by a kobold

Illustrated notes

Levels and vault maps discovered:
D:1:      mainiacjoe_arrival_reflecting_pool, layout_rooms, serial_shops, shop
D:2:      layout_loops_ring, lexackson_kobold_supper
D:3:      layout_basic, cheibriados_altar_1, overflow_temple_1_default,
          overflow_temple_1_default, mainiacjoe_overflow_brackets, tso_altar,
          gammafunk_ghost_grave, hex_medium
D:4:      layout_layer_cave, minmay_temple_entry_butterflies

Skill      XL: |  1  2  3  4  5 |
---------------+----------------+-----
Spellcasting   | 4 5 |  5.3
Dodging        | |  2.1
Stealth        | |  1.5

Action                     |  1- 3 |  4- 6 || total
---------------------------+-------+-------++-------
  Melee: Unarmed           |       |     8 ||     8
   Cast: Magic Dart        |    72 |    79 ||   151
    Use: Potion            |       |     3 ||     3
 Armour: Robe              |       |     6 ||     6
  Dodge: Dodged            |     9 |     6 ||    15
